 Dungeon Crawl Stone Soup version 0.16.1 (webtiles) character file.

18370 Fiveotanaka the Bludgeoner (level 12, -5/94 HPs)
             Began as a Minotaur Assassin on Mar 24, 2015.
             Was an Initiate of Ru.
             Slain by Rupert
             ... wielding a +6 battleaxe of flaming
              (36 damage)
             ... on level 3 of the Lair of Beasts.
             The game lasted 00:41:04 (16234 turns).

Fiveotanaka the Bludgeoner (Minotaur Assassin)     Turns: 16234, Time: 00:41:04

Health: -5/94      AC: 23    Str: 21    XL:     12   Next: 27%
Magic:  5/5        EV: 12    Int:  8    God:    Ru [......]
Gold:   508        SH:  0    Dex: 16    Spells: 0 memorised, 11 levels left

rFire  + . .     SeeInvis +     V - +3 dire flail (freeze)
rCold  . . .     Clarity  .     G - +2 plate armour {rF+}
rNeg   + . .     SustAb   .     (no shield)
rPois  .         Gourm    .     X - +2 hat {SInv}
rElec  .         Spirit   .     d - +0 cloak
rCorr  .         Warding  +     H - +0 pair of gloves
rMut   .         Stasis   .     s - +0 pair of boots
MR     .....                    y - amulet of warding
Stlth  ..........               m - ring of see invisible
                                P - +4 ring of strength

@: lethally poisoned (-5 -> -7), not resistant to hostile enchantments,
extremely unstealthy
A: retaliatory headbutt, horns 2
a: Renounce Religion


You were on level 3 of the Lair of Beasts.
You worshipped Ru.
Ru was noncommittal.
You were not hungry.

You visited 3 branches of the dungeon, and saw 14 of its levels.
You also visited: Bailey.

You collected 794 gold pieces.
You spent 286 gold pieces at shops.

Inventory:

Hand weapons
 b - a +0 blowgun
 x - a +0 morningstar
 V - a +3 dire flail of freezing (weapon)
Missiles
 e - 36 poisoned needles
 f - 2 curare-tipped needles
 U - a throwing net (quivered)
Armour
 d - a +0 cloak (worn)
 s - a +0 pair of boots (worn)
 G - a +2 plate armour of fire resistance (worn)
 H - a +0 pair of gloves (worn)
 X - a +2 hat of see invisible (worn)
Jewellery
 m - a ring of see invisible (right hand)
 q - an uncursed amulet of stasis
 w - an uncursed ring of sustain abilities
 y - an amulet of warding (around neck)
 P - a +4 ring of strength (left hand)
Magical devices
 Y - a wand of fireball (3)
Scrolls
 j - 3 scrolls of amnesia {unknown}
 k - 2 scrolls of brand weapon {unknown}
 l - a scroll of identify
 p - 4 scrolls of enchant weapon {unknown}
 r - 2 scrolls of magic mapping
 A - a scroll of recharging {unknown}
 D - a scroll of fear {unknown}
 I - 2 scrolls of remove curse
 N - 2 scrolls of fog
 O - 3 scrolls of enchant armour {unknown}
 T - 3 scrolls of teleportation {unknown}
 W - a scroll of silence {unknown}
Potions
 a - a potion of might
 h - a potion of degeneration {unknown}
 i - 2 potions of resistance {unknown}
 n - 5 potions of curing
 t - 2 potions of brilliance {unknown}
 u - 2 potions of flight {unknown}
 C - a potion of berserk rage {unknown}
 E - 2 potions of haste {unknown}
 F - a potion of mutation {unknown}
 M - a potion of restore abilities {unknown}
 R - a potion of magic {unknown}
 S - a potion of agility
Comestibles
 c - 3 chunks of flesh
 g - 12 bread rations
 o - 11 beef jerkies
 v - 21 fruits
 B - 5 meat rations
 Q - 6 slices of pizza


   Skills:
 + Level 5.1 Fighting
   Level 2.1 Short Blades
 + Level 16.7 Maces & Flails
 - Level 2.0 Throwing
 + Level 10.9 Armour
 + Level 10.4 Dodging
 - Level 3.2 Stealth


You had 11 spell levels left.
You didn't know any spells.

Dungeon Overview and Level Annotations

Branches:
Dungeon (10/15)            Temple (1/1) D:7            Lair (3/8) D:8
  Snake (0/5) Lair:3
  Swamp: Lair:3-6    Shoals: Lair:3-6       Orc: D:9-12

Altars:
Ashenzari
Cheibriados
Dithmenos
Elyvilon
Fedhas
Kikubaaqudgha
Makhleb
Nemelex Xobeh
Okawaru
Qazlal
Ru
Sif Muna
Vehumet
Xom
The Shining One

Shops:
D:9 %=[*%

Portals:
Trove: D:10 (show slimy rune of Zot)

Annotations:
D:8 Erolcha
Lair:3 Rupert


Innate Abilities, Weirdness & Mutations

You reflexively headbutt those who attack you in melee.
You have a pair of horns on your head.


Message History

* * * LOW HITPOINT WARNING * * *
Drink which item? (? for menu, Esc to quit)
You feel much better. Rupert barely misses you.
You barely miss Rupert. You headbutt Rupert.
Rupert is heavily wounded.
You feel sick. Rupert hits you but does no damage.
You barely miss Rupert. You headbutt Rupert!
Rupert is heavily wounded.
You closely miss Rupert. You headbutt Rupert, but do no damage.
Rupert is heavily wounded.
Rupert hits you but does no damage.
You closely miss Rupert.
Rupert is heavily wounded.
You feel sick. Rupert closely misses you.
You hit Rupert but do no damage. You headbutt Rupert.
Rupert is heavily wounded.
You hit Rupert! You freeze Rupert. Your headbutt misses Rupert.
Rupert is severely wounded.
Rupert hits you with a battleaxe of flaming!!!
You die...

#...# #P....P..# #..##
##....P.## #.P #P..
##........##... ##.P
#........(...# #..
#.P.........#
#.##.......##
#....#.......# ♣
...#....#..#..### P♣
#............#@#.##≈.♣...♣
........<.##.#@N.N....>..
#......PP..##...#≈≈♣...♣
#.............## P♣
#.#..P#.##....# ♣
#...#####....# ##.. ######
.


You could see Rupert (berserk) and 2 nagas.

Vanquished Creatures
  Gastronok (Lair:1)
  A hydra (Lair:1)
  The ghost of Sixotanaka the Destroyer, a powerful DEFE of Sif Muna (D:10)
  The ghost of Fiveotanaka the Basher, an experienced MiAs of Ru (D:8)
  An unseen horror (D:10)
  An orc knight (Bailey)
  A manticore (D:10)
  An elephant (D:8)
  5 spiny frogs
  A fire drake (Lair:1)
  A komodo dragon (Lair:1)
  A troll (D:10)
  A guardian mummy (D:10)
  A two-headed ogre (D:9)
  A basilisk (Lair:2)
  3 spriggans (Lair:1)
  A wyvern (D:8)
  A deep elf mage (D:10)
  13 yaks
  7 hippogriffs
  The ghost of Guenter the Chopper, an average DsGl (D:4)
  2 water moccasins
  Edmund (D:7)
  8 wolves
  4 sky beasts
  A necrophage (D:10)
  4 ogres
  A porcupine (Lair:1)
  4 orc warriors
  4 ice beasts
  A black bear (D:6)
  2 phantoms
  3 centaurs
  A wasp (D:8)
  7 crocodiles
  Sigmund (D:7)
  Duvessa (D:4)
  2 big kobolds
  8 giant frogs
  2 scorpions
  10 wights
  An electric eel (Lair:1)
  Dowan (D:4)
  2 goliath beetles (D:8)
  3 crimson imps
  A giant frog zombie (D:5)
  3 centaur zombies
  A wasp zombie (D:4)
  4 giant frog skeletons
  8 orc priests
  Crazy Yiuf (D:6)
  9 iguanas
  8 hounds
  13 worker ants
  7 orc wizards
  Ijyb (D:6)
  2 hound zombies
  A worker ant zombie (D:6)
  Robin (D:2)
  12 adders
  A gnoll (D:5)
  19 river rats
  A shadow imp (D:10)
  3 giant mites
  2 worms
  An adder skeleton (D:5)
  7 giant geckos
  3 oozes
  54 orcs
  A ball python (D:2)
  A bat skeleton (D:6)
  7 giant cockroaches
  25 goblins
  11 hobgoblins
  10 jackals
  19 bats
  A giant gecko zombie (D:7)
  4 giant newts
  A jackal skeleton (D:4)
  22 kobolds
  8 quokkas
  11 rats
  A ballistomycete (D:8)
404 creatures vanquished.

Vanquished Creatures (others)
  A bat (D:8)
  A giant spore (D:8)
2 creatures vanquished.

Grand Total: 406 creatures vanquished

Notes
Turn   | Place    | Note
--------------------------------------------------------------
     0 | D:1      | Fiveotanaka, the Minotaur Assassin, began the quest for the Orb.
     0 | D:1      | Reached XP level 1. HP: 18/18 MP: 1/1
   309 | D:1      | Reached skill level 1 in Maces & Flails
   466 | D:1      | Reached XP level 2. HP: 20/25 MP: 1/1
  1259 | D:2      | Noticed Robin
  1271 | D:2      | Reached XP level 3. HP: 12/30 MP: 2/2
  1333 | D:2      | Killed Robin
  1619 | D:2      | Reached skill level 4 in Maces & Flails
  1760 | D:2      | Reached XP level 4. HP: 37/37 MP: 2/2
  2304 | D:3      | Reached skill level 5 in Maces & Flails
  2311 | D:3      | Reached XP level 5. HP: 18/42 MP: 2/2
  2625 | D:3      | You fall through a shaft for 2 floors!
  2625 | D:5      | Entered Level 5 of the Dungeon
  2655 | D:5      | Reached skill level 6 in Maces & Flails
  2779 | D:5      | Noticed a phantom
  2805 | D:5      | Killed a phantom
  2805 | D:5      | Reached skill level 7 in Maces & Flails
  2805 | D:5      | Reached XP level 6. HP: 21/50 MP: 3/3
  3238 | D:5      | Reached skill level 8 in Maces & Flails
  3303 | D:5      | Noticed a sky beast
  3328 | D:5      | Killed a sky beast
  3328 | D:5      | Reached XP level 7. HP: 24/56 MP: 3/3
  3529 | D:5      | Noticed an ogre
  3535 | D:5      | Killed an ogre
  3535 | D:5      | Reached skill level 9 in Maces & Flails
  3717 | D:5      | Reached skill level 10 in Maces & Flails
  4442 | D:5      | Reached skill level 1 in Armour
  4809 | D:5      | Reached XP level 8. HP: 39/62 MP: 3/3
  5269 | D:4      | Noticed Duvessa
  5277 | D:4      | Noticed Dowan
  5278 | D:4      | Killed Duvessa
  5293 | D:4      | Killed Dowan
  5525 | D:4      | Noticed Guenter's ghost (average DsGl)
  5538 | D:4      | Killed Guenter's ghost
  5741 | D:4      | Reached skill level 11 in Maces & Flails
  6777 | D:6      | Found a glowing golden altar of the Shining One.
  6946 | D:6      | Noticed Ijyb
  6952 | D:6      | Killed Ijyb
  7065 | D:6      | Reached XP level 9. HP: 50/68 MP: 4/4
  7472 | D:6      | Reached skill level 12 in Maces & Flails
  7472 | D:6      | Reached skill level 5 in Armour
  7501 | D:6      | Noticed Crazy Yiuf
  7511 | D:6      | Killed Crazy Yiuf
  7649 | D:7      | Noticed Sigmund
  7659 | D:7      | Killed Sigmund
  7742 | D:7      | Reached skill level 5 in Dodging
  8046 | D:7      | Found a staircase to the Ecumenical Temple.
  8062 | Temple   | Entered the Ecumenical Temple
  8096 | Temple   | Became a worshipper of Ru the Awakened
  8224 | D:7      | Noticed Edmund
  8232 | D:7      | Killed Edmund
  8871 | D:8      | Found a staircase to the Lair.
  8871 | D:8      | Noticed an elephant
  9021 | D:8      | Killed an elephant
  9021 | D:8      | Reached skill level 13 in Maces & Flails
  9513 | D:8      | Noticed Fiveotanaka's ghost (experienced MiAs)
  9537 | D:8      | Killed Fiveotanaka's ghost
  9537 | D:8      | Reached XP level 10. HP: 37/74 MP: 4/4
 10035 | D:8      | Noticed Erolcha
 10341 | D:8      | Reached skill level 14 in Maces & Flails
 10886 | D:9      | Found Ifojagh's Assorted Antiques.
 10922 | D:9      | Bought a scroll labeled KEKADUO FEISS for 20 gold pieces
 10922 | D:9      | Bought an encrusted glass ring for 100 gold pieces
 10922 | D:9      | Bought 2 viscous emerald potions for 36 gold pieces
 10922 | D:9      | Bought a cyan potion for 18 gold pieces
 11030 | D:9      | Found Imearphe's Food Shop.
 11058 | D:9      | Found a sparkling altar of Nemelex Xobeh.
 11058 | D:9      | Found a glowing golden altar of the Shining One.
 11059 | D:9      | Found Belahi Dyalo's Jewellery Shoppe.
 11063 | D:9      | Found an iron altar of Okawaru.
 11076 | D:9      | Found Mnong's Antique Armour Shop.
 11087 | D:9      | Bought an embroidered hat for 112 gold pieces
 11317 | D:9      | Found Comaun's Food Emporium.
 11615 | D:10     | Entered Level 10 of the Dungeon
 11619 | D:10     | Noticed a manticore
 11632 | D:10     | Killed a manticore
 11632 | D:10     | Reached skill level 15 in Maces & Flails
 11933 | D:10     | Reached XP level 11. HP: 71/80 MP: 4/4
 11993 | D:10     | Found a flagged portal.
 12104 | Bailey   | Entered a bailey
 13168 | D:10     | Found a portal to a secret trove of treasure.
 13384 | D:10     | Noticed an unseen horror
 13389 | D:10     | Killed an unseen horror
 13617 | D:10     | Noticed Sixotanaka's ghost (powerful DEFE)
 13639 | D:10     | Killed Sixotanaka's ghost
 13639 | D:10     | Reached skill level 16 in Maces & Flails
 13862 | Lair:1   | Entered Level 1 of the Lair of Beasts
 14013 | Lair:1   | Noticed a four-headed hydra
 14022 | Lair:1   | Killed a four-headed hydra
 14045 | Lair:1   | Reached skill level 10 in Armour
 14184 | Lair:1   | Noticed Gastronok
 14215 | Lair:1   | Killed Gastronok
 14304 | Lair:1   | Reached skill level 10 in Dodging
 14505 | Lair:1   | Reached XP level 12. HP: 89/91 MP: 5/5
 16027 | Lair:3   | Reached skill level 5 in Fighting
 16204 | Lair:3   | Noticed Rupert
 16219 | Lair:3   | Found a staircase to the Snake Pit.
 16224 | Lair:3   | HP: 2/94 [Rupert/battleaxe of flaming (5)]
 16234 | Lair:3   | Slain by Rupert

Action                   |  1- 3 |  4- 6 |  7- 9 | 10-12 || total
-------------------------+-------+-------+-------+-------++-------
Melee: Club              |    52 |       |       |       ||    52
       Dagger            |     9 |       |       |       ||     9
       Whip              |    60 |    60 |       |       ||   120
       Flail             |       |    80 |   453 |   123 ||   656
       Dire flail        |       |       |    19 |   587 ||   606
Invok: Reject Sacrifices |       |       |       |     3 ||     3
  Use: Potion            |     2 |       |     2 |     4 ||     8
       Scroll            |       |     1 |     2 |     6 ||     9
 Stab: Sleeping          |     4 |     2 |     1 |       ||     7
       Distracted        |       |       |       |     2 ||     2
  Eat: Chunk             |     3 |     5 |    18 |    22 ||    48
       Pizza             |       |       |     1 |       ||     1
